 Dungeon Crawl Stone Soup version 0.31-a0-176-g91f28db67f (webtiles) character file.

Game seed: 260859305873169544

601 qw the Chopper (level 7, -6/43 HPs)
             Began as a Gargoyle Fighter on June 17, 2023.
             Mangled by an ice beast (11 damage)
             ... on level 5 of the Dungeon.
             The game lasted 00:02:09 (3582 turns).

qw the Chopper (Gargoyle Fighter)                   Turns: 3582, Time: 00:02:10

Health: -6/43      AC: 12    Str: 19 (21) XL:     7   Next: 41%
Magic:  7/7        EV:  9    Int:  9      God:
Gold:   413        SH:  4    Dex:  8 (9)  Spells: 6/6 levels left

rFire   . . .        q - +0 broad axe
rCold   . . .        c - +0 buckler
rNeg    + . .        b - +0 scale mail
rPois   inf          (no helmet)
rElec   +            e - +0 cloak
rCorr   .            (no gloves)
SInv    .            (no boots)
Will    .....        (no amulet) Stlth
                     (no ring)
HPRegen 0.27/turn    (no ring)
MPRegen 0.10/turn

%: no passive effects
@: about to teleport
A: sickness immunity, AC +4, negative energy resistance 1, electricity
resistance, torment resistance 1, petrification resistance
a: no special abilities


You were on level 5 of the Dungeon.
You visited 2 branches of the dungeon, and saw 6 of its levels.

You collected 413 gold pieces.


Innate Abilities, Weirdness & Mutations

You are immune to sickness and miasma.
Your stone body is resilient. (AC +4)
You are immune to poison.
You resist negative energy. (rN+)
You are resistant to electric shocks. (rElec)
You are resistant to unholy torment.
You are immune to petrification.


   Skills:
 - Level 4.2 Fighting
 + Level 6.5 Axes
 - Level 3.2 Armour
 - Level 1.9 Dodging
 - Level 3.2 Shields


You had 6 spell levels left.
You didn't know any spells.
Your spell library was empty.

Inventory:

Hand Weapons
 f - the +5 flail of Dewke {pain, rPois rN+++ Dex-2 SInv}
   (You found it on level 2 of the Dungeon)

   Dex:       It affects your dexterity (-2).
   rPois:     It protects you from poison.
   rN:        It renders you almost immune to negative energy.
   SInv:      It lets you see invisible.
 m - a +3 flail
 q - a +0 broad axe (weapon)
Missiles
 o - 4 boomerangs (quivered)
Armour
 b - a +0 scale mail (worn)
 c - a +0 buckler (worn)
 e - a +0 cloak (worn)
 j - a +2 leather armour of fire resistance
 t - a +0 chain mail
Jewellery
 i - a ring of fire
 r - a ring of positive energy
 s - a ring of see invisible
Scrolls
 h - a scroll of identify
Potions
 a - 2 potions of resistance
 d - 3 potions of might
 g - a potion of magic
 k - 2 potions of curing
 n - a potion of enlightenment
 p - a potion of attraction

Dungeon Overview and Level Annotations

Branches:
Dungeon (5/15)             Temple (1/1) D:4

Altars:
Cheibriados
Dithmenos
Gozag
Kikubaaqudgha
Makhleb
Nemelex Xobeh
Ru
Sif Muna
Trog
Uskayaw
Wu Jian
Xom
Yredelemnul
Zin
The Shining One

Annotations:
D:5 1 runed translucent door, qw's ghost, novice GrFi


Message History

You barely miss the ice beast.
The ice beast is almost dead.
The ice beast barely misses you. x2
You hit the ice beast but do no damage.
The ice beast is almost dead.
The ice beast hits you but does no damage.
You closely miss the ice beast.
The ice beast is almost dead.
The ice beast barely misses you.
You hit the ice beast but do no damage.
The ice beast is almost dead.
The ice beast closely misses you. The ice beast barely misses you.
You barely miss the ice beast.
The ice beast is almost dead.
The ice beast hits you but does no damage.
You hit the ice beast but do no damage.
The ice beast is almost dead.
The ice beast hits you but does no damage.
You barely miss the ice beast.
The ice beast is almost dead.
The ice beast hits you. The ice beast freezes you!
You closely miss the ice beast.
The ice beast is almost dead.
The ice beast closely misses you.
The ice beast hits you but does no damage.
You closely miss the ice beast.
The ice beast is almost dead.
The ice beast hits you but does no damage.
You hit the ice beast.
The ice beast is almost dead.
The ice beast closely misses you.
You hit the ice beast.
The ice beast is almost dead.
The ice beast hits you. The ice beast freezes you.
The ice beast hits you but does no damage.
3582 ||| READING scroll of teleportation.
As you read the scroll of teleportation, it crumbles to dust.
You feel strangely unstable. The ice beast hits you. The ice beast freezes you!
You die...

..... #.(####.....
......#####.#####.....
............#...)<)...
......##.#.##...).)...
.......>..............
......#.##.##.........
##.#####.##.######.####
##...#........... #.####
.$.}..Y@....#####.#.%...
##...#......# #.......
##. #......# #..###.#
####.### #.. #.# #.# #..
#.# #.# #.. #.# #.. #..
#.# # ... #.# #.###..


You could see an ice beast.

Vanquished Creatures
  A black bear (D:4)
  A centaur (D:4)
  A kobold brigand (D:5)
  2 scorpions
  2 hounds
  3 orc wizards
  5 adders
  17 orcs
  10 endoplasms
  4 giant cockroaches
  11 goblins
  8 hobgoblins
  2 jackals (D:1)
  A quokka (D:4)
  4 ball pythons
  7 bats
  3 frilled lizards
  12 kobolds
  2 rats (D:2)
96 creatures vanquished.

Notes
Turn   | Place    | Note
-------+----------+-------------------------------------------
     0 | D:1      | qw the Gargoyle Fighter began the quest for the Orb.
     0 | D:1      | Reached XP level 1. HP: 14/14 MP: 1/1
     0 | D:1      | 0 ||| qw: Version: 0.3-a-5-g6f28e65
     0 | D:1      | 0 ||| qw: Game counter: 471
     0 | D:1      | 0 ||| qw: Always use a shield: true
     0 | D:1      | 0 ||| qw: God list: Okawaru
     0 | D:1      | 0 ||| qw: Allow faded altars: false
     0 | D:1      | 0 ||| qw: Do Orc after D:15 true
     0 | D:1      | 0 ||| qw: Do second Lair branch before Depths: true
     0 | D:1      | 0 ||| qw: Lair rune preference: random
     0 | D:1      | 0 ||| qw: Plans: Normal, Zot:1-4, Slime:5, God:TSO, Crypt,
                  | Tomb, Abyss, Pan, Hells, Win
     0 | D:1      | 0 ||| PLANNING D:1-11
    52 | D:1      | Reached skill level 2 in Axes
   165 | D:1      | Reached XP level 2. HP: 19/19 MP: 2/2
   321 | D:1      | 321 ||| DROPPING +0 club.
   447 | D:1      | 447 ||| DROPPING +0 whip.
   467 | D:1      | 467 ||| Stepping ~*~*~tactically~*~*~ (hiding).
   652 | D:1      | Reached skill level 3 in Axes
   673 | D:1      | Reached XP level 3. HP: 21/23 MP: 3/3
   939 | D:1      | 939 ||| UPGRADING to +0 cloak.
   944 | D:1      | 944 ||| READING scroll labelled HODESAOSHU.
   945 | D:1      | 945 ||| READING scroll labelled VEIMMA DAXKATZ.
   946 | D:1      | 946 ||| READING 2 scrolls labelled VOSOSKUDIE.
   947 | D:1      | 947 ||| READING scroll labelled KESTRU YTROFI.
  1079 | D:2      | 1079 ||| Stepping ~*~*~tactically~*~*~ (stealth).
  1156 | D:2      | Identified the +5 flail of Dewke {pain, rPois rN+++ Dex-2
                  | SInv}
  1613 | D:2      | Reached XP level 4. HP: 28/28 MP: 4/4
  1843 | D:2      | 1843 ||| READING scroll labelled MIMEKI YNEST.
  1983 | D:3      | 1983 ||| Stepping ~*~*~tactically~*~*~ (stealth).
  2048 | D:3      | Found a shadowy altar of Dithmenos.
  2077 | D:3      | Reached skill level 4 in Axes
  2090 | D:3      | Noticed a scorpion
  2095 | D:3      | Killed a scorpion
  2096 | D:3      | Reached XP level 5. HP: 32/32 MP: 5/5
  2290 | D:3      | 2290 ||| READING scroll labelled FIUHOUGGUJOYD.
  2291 | D:3      | 2291 ||| DRINKING 3 bubbling puce potions.
  2292 | D:3      | 2292 ||| DRINKING 2 ruby potions.
  2366 | D:4      | 2366 ||| Stepping ~*~*~tactically~*~*~ (hiding).
  2367 | D:4      | 2367 ||| Stepping ~*~*~tactically~*~*~ (hiding).
  2368 | D:4      | 2368 ||| Stepping ~*~*~tactically~*~*~ (hiding).
  2370 | D:4      | 2370 ||| Stepping ~*~*~tactically~*~*~ (hiding).
  2391 | D:4      | Reached skill level 5 in Axes
  2456 | D:4      | 2456 ||| Stepping ~*~*~tactically~*~*~ (stealth).
  2457 | D:4      | 2457 ||| Stepping ~*~*~tactically~*~*~ (stealth).
  2519 | D:4      | Found a shimmering altar of Xom.
  2520 | D:4      | Noticed a centaur
  2520 | D:4      | 2520 ||| Stepping ~*~*~tactically~*~*~ (stealth).
  2522 | D:4      | 2522 ||| Stepping ~*~*~tactically~*~*~ (stealth).
  2538 | D:4      | Killed a centaur
  2539 | D:4      | Reached XP level 6. HP: 34/38 MP: 6/6
  2610 | D:4      | Found a staircase to the Ecumenical Temple.
  2611 | D:4      | 2611 ||| PLANNING TEMPLE
  2611 | D:4      | 2611 ||| READING scroll labelled XYZXOAG LOELE.
  2612 | D:4      | 2612 ||| DRINKING 3 dark potions.
  2613 | D:4      | 2613 ||| READING 2 scrolls of identify.
  2613 | D:4      | 2613 ||| IDENTIFYING bubbling blue potion
  2622 | Temple   | Entered the Ecumenical Temple
  2785 | Temple   | 2785 ||| PLANNING D:1-11
  2831 | D:4      | 2831 ||| SWAPPING to +0 broad axe.
  2836 | D:4      | 2836 ||| DROPPING +0 war axe.
  2843 | D:4      | Noticed a black bear
  2850 | D:4      | Killed a black bear
  2851 | D:4      | Reached skill level 1 in Dodging
  3040 | D:4      | Found a shimmering blue altar of Sif Muna.
  3160 | D:4      | 3160 ||| DRINKING 2 cyan potions.
  3161 | D:4      | 3161 ||| READING 2 scrolls of identify.
  3161 | D:4      | 3161 ||| IDENTIFYING fuming green potion
  3162 | D:4      | 3162 ||| DROPPING potion of degeneration.
  3170 | D:5      | Entered Level 5 of the Dungeon
  3178 | D:5      | 3178 ||| STAIRDANCE
  3210 | D:4      | 3210 ||| DROPPING +0 mace.
  3224 | D:5      | Reached XP level 7. HP: 43/43 MP: 7/7
  3229 | D:5      | 3229 ||| STAIRDANCE
  3310 | D:5      | Found a runed translucent door.
  3315 | D:5      | Noticed qw's ghost (novice GrFi)
  3325 | D:5      | Found a sparkling altar of Nemelex Xobeh.
  3440 | D:5      | 3440 ||| Stepping ~*~*~tactically~*~*~ (hiding).
  3441 | D:5      | 3441 ||| Stepping ~*~*~tactically~*~*~ (stealth).
  3459 | D:5      | Reached skill level 6 in Axes
  3464 | D:5      | 3464 ||| Stepping ~*~*~tactically~*~*~ (stealth).
  3465 | D:5      | 3465 ||| FLEEEEING.
  3466 | D:5      | 3466 ||| FLEEEEING.
  3468 | D:5      | 3468 ||| FLEEEEING.
  3469 | D:5      | 3469 ||| FLEEEEING.
  3471 | D:5      | 3471 ||| FLEEEEING.
  3472 | D:5      | 3472 ||| FLEEEEING.
  3473 | D:5      | 3473 ||| FLEEEEING.
  3474 | D:5      | 3474 ||| FLEEEEING.
  3508 | D:5      | 3508 ||| Stepping ~*~*~tactically~*~*~ (stealth).
  3581 | D:5      | HP: 8/43 [ice beast (6)]
  3582 | D:5      | 3582 ||| READING scroll of teleportation.
  3582 | D:5      | Mangled by an ice beast

Levels and vault maps discovered:
D:1:      tekkud_arrival_beachfront_property, layout_basic, serial_glass,
          glass_columns_a, glass_columns_a
D:2:      layout_basic, serial_corexii_hall, corexii_hall_statues_i,
          corexii_hall_statues_u, serial_bayou_pond_c,
          nicolae_elevator_lobby_asterisk
D:3:      layout_rooms, nicolae_dithmenos_shadow_blocks
D:4:      layout_basic, amcnicky_altar_gilded, xom_confusion_cloud,
          minmay_temple_entry_large_hall
D:5:      layout_basic, lemuel_tele_altar, ebering_ghost_sewer_d,
          kennysheep_big_empty_room, minmay_strange_pillars, amethyst_killhole,
          minmay_misc_feat_tower
Temple:   nicolae_temple_bog_church

Skill      XL: |  1  2  3  4  5  6  7 |
---------------+----------------------+-----
Axes           | 2 3 4 5 6 |  6.5
Fighting       | 4 |  4.2
Dodging        | 1 |  1.9
Armour         | |  3.2
Shields        | |  3.2

Action                     |  1- 3 |  4- 6 |  7- 9 || total
---------------------------+-------+-------+-------++-------
  Melee: War axe           |   175 |    84 |       ||   259
         Broad axe         |       |    30 |    62 ||    92
  Throw: Boomerang         |       |    22 |     5 ||    27
    Use: Scroll            |     4 |     5 |     1 ||    10
         Potion            |       |     4 |       ||     4
   Stab: Confused          |       |     1 |       ||     1
 Armour: Scale mail        |    94 |    61 |    54 ||   209
  Dodge: Dodged            |    89 |    66 |    23 ||   178
  Block: Buckler           |    34 |    19 |     9 ||    62

Table legend:
 A = Non-vault XP
 B = Vault XP
 C = Vault XP percentage of total XP
 D = Non-vault monster count
 E = Vault monster count
 F = Vault count percentage of total count
                 A         B        C        D         E       F
            +---------+---------+-------+---------+---------+-------
      Total |     770 |      89 |  10.4 |      88 |       8 |   8.3
            +---------+---------+-------+---------+---------+-------
        D:1 |      39 |       0 |   0.0 |      24 |       0 |   0.0
        D:2 |      46 |       0 |   0.0 |      14 |       0 |   0.0
        D:3 |     112 |       0 |   0.0 |      12 |       0 |   0.0
        D:4 |     326 |      89 |  21.4 |      19 |       8 |  29.6
        D:5 |     247 |       0 |   0.0 |      19 |       0 |   0.0
            +---------+---------+-------+---------+---------+-------
